 Dungeon Crawl Stone Soup version 0.24-a0-93-ge1bfdf8 (webtiles) character file.

Game seed: 18004346800429727413

2200 MalarOregon the Frost Mage (level 9, -6/57 HPs)
             Began as a Merfolk Ice Elementalist on Feb 11, 2019.
             Killed from afar by an orc wizard (21 damage)
             ... with a puff of flame
             ... on level 5 of the Dungeon.
             The game lasted 00:19:50 (8131 turns).

MalarOregon the Frost Mage (MfIE)                   Turns: 8131, Time: 00:19:51

Health: -6/57      AC:  5    Str: 15    XL:     9   Next: 34%
Magic:  16/18      EV: 12    Int: 17    God:
Gold:   290        SH:  0    Dex: 10    Spells: 9/20 levels left

rFire    x . .     SeeInvis .   a - +1 dagger (venom)
rCold    + . .     Gourm    .   (no shield)
rNeg     + . .     Faith    .   b - +2 robe
rPois    .         Spirit   .   i - +0 helmet of the Lost Eyes {rN+ Str+7 Dex-5}
rElec    .         Reflect  .   (no cloak)
rCorr    .         Harm     .   (no gloves)
MR       .....                  (no boots)
Stlth    ++........             (no amulet)
HPRegen  0.19/turn              f - ring of ice
MPRegen  0.16/turn              (no ring)

@: no status effects
A: change form in water, swift swim, stealthy swim
a: no special abilities


You were on level 5 of the Dungeon.
You were not hungry.

You visited 1 branch of the dungeon, and saw 6 of its levels.

You collected 290 gold pieces.

Inventory:

Hand Weapons
 a - a +1 dagger of venom (weapon)
   (You took it off a goblin on level 3 of the Dungeon)
Missiles
 m - a throwing net (quivered) {!f}
Armour
 b - a +2 robe (worn)
   (You took it off Sigmund on level 2 of the Dungeon)
 i - the +0 helmet of the Lost Eyes (worn) {rN+ Str+7 Dex-5}
   (You took it off Robin on level 1 of the Dungeon)

   It affects your strength (+7).
   It affects your dexterity (-5).
   It protects you from negative energy.
Jewellery
 f - a ring of ice (left hand)
   (You found it on level 3 of the Dungeon)
Wands
 d - a wand of iceblast (13)
   (You found it on level 5 of the Dungeon)
Scrolls
 j - 2 scrolls of immolation {!r}
 l - a scroll of remove curse {@r2}
 p - a scroll of amnesia
 r - 2 scrolls of teleportation {@r4}
Potions
 c - 2 potions of haste {@q3}
 g - 2 potions of curing {unknown}
 h - a potion of ambrosia {unknown}
 k - 3 potions of mutation {unknown}
 n - a potion of heal wounds {@q2}
 o - 3 potions of flight
 q - a potion of degeneration {unknown}
 s - a potion of lignification {unknown}
 u - a potion of magic {unknown}
Comestibles
 e - 4 rations {!d}
 t - 2 chunks of flesh


   Skills:
 + Level 3.0 Dodging
 - Level 2.1 Stealth
 - Level 6.2 Spellcasting
 - Level 6.3 Conjurations
 - Level 8.1 Ice Magic


You had 9 spell levels left.
You knew the following spells:

 Your Spells              Type           Power        Failure   Level  Hunger
a - Freeze                Ice            ####         1%          1    None
c - Throw Icicle          Conj/Ice       #####...     6%          4    ####...
d - Summon Ice Beast      Ice/Summ       ####....     24%         4    ####...
x - Throw Frost           Conj/Ice       #####.       1%          2    None

Your spell library contained the following spells:

 Spells                   Type           Power        Failure   Level  Hunger
 Ozocubu's Armour         Chrm/Ice       ####....     7%          3    ##.....


Dungeon Overview and Level Annotations

Branches:
Dungeon (6/15)             Temple (0/1) D:6

Altars:
Ashenzari
Cheibriados
Hepliaklqana
Qazlal
Ru
Uskayaw
Wu Jian
Xom

Shops:
D:4 [


Message History

There is a stone staircase leading up here.
Unknown command.
The orc wizard closely misses you.
The jackal bites you but does no damage.
Something hits you but does no damage. The orc closely misses you. x2
The orc wizard hits you but does no damage.
You climb upwards.
Reactivating autopickup.
There is a stone staircase leading down here.
Unknown command.
Unknown command.
Unknown command.
Unknown command.
Aim: an orc wizard, wielding a +0 dagger and wearing a +0 robe (heavily wounded, fast)
You feel a surge of power!
You freeze the orc wizard.
You kill the orc!
The jackal bites you but does no damage.
The orc wizard hits you with a +0 dagger.
* * * LOW HITPOINT WARNING * * *
You hear some strange, mumbled words.
A magic dart appears from out of thin air!
Deactivating autopickup; reactivate with Ctrl-A.
The magic dart hits you.
* * * LOW HITPOINT WARNING * * *
The orc hits you but does no damage.
The jackal bites you but does no damage.
You hit something but do no damage.
The orc wizard hits you but does no damage.
Something hits you.
* * * LOW HITPOINT WARNING * * *
The jackal bites you but does no damage.
The orc closely misses you. The orc wizard closely misses you.
The jackal bites you.
* * * LOW HITPOINT WARNING * * *
The jackal bites you.
* * * LOW HITPOINT WARNING * * *
The orc wizard casts a cantrip, but nothing happens.
The jackal barely misses you. The orc closely misses you. The jackal bites you.
* * * LOW HITPOINT WARNING * * *
Aim: a jackal You feel a surge of power!
You freeze the jackal. The jackal misses you.
Aim: an orc wizard, wielding a +0 dagger and wearing a +0 robe (severely wounded, fast)
You feel a surge of power!
You freeze the orc wizard. The jackal closely misses you.
You hear some strange, mumbled words.
A puff of flame appears from out of thin air!
The puff of flame hits you!! The fire burns you terribly!
You die...

##### #### #######
#####..o#####..####
......#####.....@h..[.......##
.........###.#....o.>........##
....................##........#
###...............###.........#
#..............## #.........##
#....#.......### #..........#
##.#####.....## ##.........#
### ###....# #.........#
####.## ##.......##


You could see an orc wizard, an orc and a jackal.

Vanquished Creatures
  Pikel (D:5)
  Grinder (D:3)
  The ghost of Duffy the Ruffian, an amateur DrTm (D:4)
  Sigmund (D:2)
  Eustachio (D:5)
  The ghost of Amnesiac the Cutter, an amateur VSMo (D:4)
  A slave (D:5)
  3 ogres
  A phantom (D:4)
  A scorpion (D:5)
  2 howler monkeys
  An orc wizard (D:3)
  2 orc priests
  Terence (D:3)
  Natasha (thrice) (D:2)
  4 worker ants
  A hound skeleton (D:4)
  Robin (D:1)
  A howler monkey skeleton (D:4)
  9 adders
  An ooze (D:1)
  2 adder skeletons (D:4)
  4 worms
  6 leopard geckos
  14 orcs
  A ball python (D:3)
  6 bats
  2 giant cockroaches (D:4)
  10 goblins
  10 hobgoblins
  8 jackals
  2 quokkas
  A ball python skeleton (D:5)
  3 frilled lizards
  A jackal skeleton (D:6)
  9 kobolds
  4 rats
121 creatures vanquished.

Vanquished Creatures (others)
  A crimson imp (D:5)
  A worker ant (D:5)
  An adder zombie (D:5)
3 creatures vanquished.

Grand Total: 124 creatures vanquished

Notes
Turn   | Place    | Note
-------+----------+-------------------------------------------
     0 | D:1      | MalarOregon the Merfolk Ice Elementalist began the quest
                  | for the Orb.
     0 | D:1      | Reached XP level 1. HP: 13/13 MP: 3/3
   180 | D:1      | Reached XP level 2. HP: 19/19 MP: 1/5
   441 | D:1      | Reached skill level 4 in Ice Magic
   563 | D:1      | Learned a level 2 spell: Throw Frost
   791 | D:2      | Reached skill level 1 in Conjurations
   861 | D:2      | Reached XP level 3. HP: 24/24 MP: 1/6
   974 | D:2      | Identified the +0 helmet of the Lost Eyes {rN+ Str+7 Dex-5}
   974 | D:2      | Noticed Robin
  1272 | D:2      | Noticed Natasha
  1276 | D:1      | Killed Robin
  1584 | D:2      | Killed Natasha
  1584 | D:2      | Reached XP level 4. HP: 19/30 MP: 0/7
  1623 | D:2      | Noticed Natasha
  1708 | D:2      | Killed Natasha
  1804 | D:2      | Found a stormy altar of Qazlal.
  1968 | D:2      | Noticed Natasha
  1973 | D:2      | Found a hazy altar of Hepliaklqana.
  1984 | D:2      | Killed Natasha
  1984 | D:2      | Reached XP level 5. HP: 11/35 MP: 0/8
  2246 | D:2      | Noticed Sigmund
  2812 | D:2      | Killed Sigmund
  2812 | D:2      | Reached XP level 6. HP: 14/41 MP: 2/9
  3341 | D:3      | Reached skill level 5 in Conjurations
  3725 | D:3      | Noticed Grinder
  3742 | D:3      | Reached XP level 7. HP: 34/46 MP: 6/10
  3752 | D:3      | Paralysed by Grinder for 3 turns
  3762 | D:3      | Killed Grinder
  3768 | D:3      | Learned a level 4 spell: Throw Icicle
  3989 | D:3      | Found a shattered altar of Ashenzari.
  4212 | D:3      | Noticed Terence
  4221 | D:3      | Killed Terence
  4545 | D:4      | Found a shimmering altar of Xom.
  4555 | D:4      | Found a runed translucent gate.
  4557 | D:4      | Found a runed translucent gate.
  4564 | D:4      | Found a runed translucent gate.
  4999 | D:4      | Found an ornate altar of the Wu Jian Council.
  5464 | D:4      | Reached XP level 8. HP: 9/52 MP: 2/13
  5664 | D:4      | Found Useaqiz's Armour Boutique.
  5814 | D:4      | Noticed Amnesiac's ghost (amateur VSMo)
  5814 | D:4      | Noticed Duffy's ghost (amateur DrTm)
  5862 | D:4      | Killed Duffy's ghost
  5862 | D:4      | Reached skill level 5 in Spellcasting
  5867 | D:4      | Killed Amnesiac's ghost
  6108 | D:4      | Found a hide-covered altar of Uskayaw.
  6130 | D:4      | Noticed a +0 dagger
  6130 | D:4      | Noticed a +0 dagger
  6399 | D:4      | Found a snail-covered altar of Cheibriados.
  6484 | D:4      | Found a sacrificial altar of Ru.
  6548 | D:5      | Entered Level 5 of the Dungeon
  6681 | D:5      | Learned a level 4 spell: Summon Ice Beast
  6701 | D:5      | Reached skill level 5 in Ice Magic
  7033 | D:5      | Noticed Eustachio
  7064 | D:5      | Killed Eustachio
  7064 | D:5      | Reached skill level 6 in Ice Magic
  7064 | D:5      | Reached XP level 9. HP: 51/57 MP: 6/18
  7132 | D:5      | Noticed Pikel
  7189 | D:5      | Killed Pikel
  7189 | D:5      | Reached skill level 7 in Ice Magic
  7283 | D:5      | HP: 1/57 [ogre/+0 giant club (17)]
  7580 | D:5      | Reached skill level 8 in Ice Magic
  8131 | D:5      | Killed from afar by an orc wizard

Levels and vault maps discovered:
D:1:      dpeg_arrival_simpleton_c, layout_basic, chequers_decorated_corner
D:2:      layout_loops_ring, lemuel_crystal_altar, marbit_many_paths,
          first_ration, uniq_natasha, uniq_sigmund, uniq_robin
D:3:      layout_loops_ring, evilmike_ruin_ashenzari, uniq_terence, uniq_grinder
D:4:      layout_cave_pools, dancing_weapons_uskayaw, kennysheep_mini,
          xom_butterflies, lemuel_doored_altar, lemuel_coloured_pillars_altar,
          gammafunk_ghost_cemetery, serial_shops, shop_coins
D:5:      layout_cave_pods, uniq_eustachio, uniq_pikel
D:6:      layout_cave_pools, lemuel_crystal_altar,
          minmay_temple_entry_junction_2, lightli_orcish_oven,
          uniq_blork_the_orc

Skill      XL: |  1  2  3  4  5  6  7  8  9 |
---------------+----------------------------+-----
Ice Magic      | 4 6 8 |  8.1
Conjurations   | 1 2 3 4 5 6 |  6.3
Spellcasting   | 3 6 |  6.2
Dodging        | 3 |  3.0
Stealth        | |  2.1

Action                   |  1- 3 |  4- 6 |  7- 9 || total
-------------------------+-------+-------+-------++-------
Melee: Unarmed           |     2 |       |       ||     2
       Whip              |       |    18 |       ||    18
       Spear             |       |    14 |       ||    14
       Dagger            |       |    54 |   203 ||   257
 Fire: Hunting sling     |     7 |       |       ||     7
 Cast: Freeze            |    36 |    18 |    56 ||   110
       Throw Frost       |     8 |    23 |    52 ||    83
       Throw Icicle      |       |       |    10 ||    10
  Use: Scroll            |     2 |     4 |     3 ||     9
       Potion            |       |     2 |       ||     2
 Stab: Sleeping          |       |     1 |       ||     1
  Eat: Chunk             |     3 |     5 |    12 ||    20
       Ration            |       |     1 |     2 ||     3
Armor: Robe              |     6 |    28 |    64 ||    98
Dodge: Dodged            |    39 |    57 |   142 ||   238

Table legend:
 A = Non-vault XP
 B = Vault XP
 C = Vault XP percentage of total XP
 D = Non-vault monster count
 E = Vault monster count
 F = Vault count percentage of total count
                 A         B        C        D         E       F
            +---------+---------+-------+---------+---------+-------
      Total |    1310 |    1834 |  58.3 |     100 |      21 |  17.4
            +---------+---------+-------+---------+---------+-------
        D:1 |      20 |      25 |  55.6 |       9 |       6 |  40.0
        D:2 |     122 |     271 |  69.0 |      18 |       9 |  33.3
        D:3 |     229 |     326 |  58.7 |      32 |       2 |   5.9
        D:4 |     482 |     424 |  46.8 |      24 |       2 |   7.7
        D:5 |     453 |     788 |  63.5 |      15 |       2 |  11.8
        D:6 |       4 |       0 |   0.0 |       2 |       0 |   0.0
            +---------+---------+-------+---------+---------+-------
